 Dungeon Crawl Stone Soup version 0.27.0-1-g7a089689b8 (webtiles) character file.

Game seed: 5178503629370032912

12 horus123 the Vexing (level 2, 0/18 HPs)
             Began as an Octopode Arcane Marksman on Aug 1, 2021.
             Slain by an adder (5 damage)
             ... on level 2 of the Dungeon.
             The game lasted 00:03:35 (842 turns).

horus123 the Vexing (Octopode Arcane Marksman)       Turns: 842, Time: 00:03:35

Health: 0/18       AC:  1    Str:  9    XL:     2   Next: 33%
Magic:  1/3        EV: 13    Int: 15    God:
Gold:   20         SH:  0    Dex: 12    Spells: 0/3 levels left

rFire    . . .     SeeInvis .   a - +0 hand crossbow
rCold    . . .     Faith    .   (no shield)
rNeg     . . .     Spirit   .   (helmet restricted)
rPois    .         Reflect  .   (no amulet)
rElec    .         Harm     .   (no ring)
rCorr    .         Rampage  .   (no ring)
Will     .....                  (no ring)
Stlth    ++........             (no ring)
HPRegen  0.06/turn              (no ring)
MPRegen  0.08/turn              (no ring)
                                (no ring)
                                (no ring)

@: no status effects
A: almost no armour, amphibious, 8 rings, camouflage 1, gelatinous body 1,
(nimble swimmer 1), tentacles
a: no special abilities


You were on level 2 of the Dungeon.
You visited 1 branch of the dungeon, and saw 2 of its levels.

You collected 20 gold pieces.

Inventory:

Hand Weapons
 a - a +0 hand crossbow (weapon)
Missiles
 b - 18 arrows
 c - 21 bolts (quivered ammo)
Scrolls
 d - a scroll of fog {unknown}
 e - a scroll of identify {unknown}
Potions
 f - a potion of brilliance {unknown}


   Skills:
 + Level 1.2 Fighting
 + Level 2.1 Crossbows
 + Level 2.0 Dodging
 + Level 1.0 Spellcasting
 + Level 3.4 Hexes


You couldn't memorise any spells.
You knew the following spells:

 Your Spells              Type           Power      Damage    Failure   Level
a - Corona                Hex            12%        N/A       6%          1
b - Slow                  Hex            11%        N/A       9%          2

Your spell library contained the following spells:

 Spells                   Type           Power      Damage    Failure   Level
 Inner Flame              Hex/Fire       5%         N/A       36%         3
 Portal Projectile        Hex/Tloc       10%        N/A       36%         3
 Cause Fear               Hex            5%         N/A       52%         4


Dungeon Overview and Level Annotations

Branches:
Dungeon (2/15)

Altars:


Innate Abilities, Weirdness & Mutations

You cannot wear most types of armour.
You are amphibious.
You can wear up to eight rings at the same time.
Your skin changes colour to match your surroundings (Stealth+).
Your rubbery body absorbs attacks. (AC +1, EV +1)
((You are camouflaged near water. (Stealth+)))
You have tentacles for arms and can constrict up to eight enemies at once.


Message History

You start resting.
HP restored.
A kobold comes into view. It is wielding a +0 whip.
The kobold shouts!
You shoot a bolt. The bolt hits the kobold!
You kill the kobold!
c - 28 bolts (gained 1)
Things that are here:
a +0 whip; a kobold corpse An adder comes into view.
Casting: Slow (safe; 9% risk of failure)
Confirm with . or Enter, or press ? or * to list all spells.
Aiming: Slow (safe; 9% risk of failure)
Press: ? - help, Shift-Dir - straight line, f - adder
Aim: an adder (asleep, chance to affect: 55%)
You miscast Slow.
You are very lightly contaminated with residual magic.
Nothing appears to happen.
The adder hisses angrily.
You shoot a bolt. The bolt closely misses the adder.
You shoot a bolt. The bolt misses the adder.
The adder barely misses you. The adder closely misses you.
You shoot a bolt. The bolt hits the adder.
The adder is moderately wounded.
The adder bites you. The adder barely misses you.
You shoot a bolt. The bolt hits the adder!
The adder is almost dead.
The adder barely misses you. The adder misses you.
You shoot a bolt. The bolt closely misses the adder.
The adder bites you.
Your magical contamination has completely faded away.
You shoot a bolt. The bolt misses the adder.
The adder bites you.
* * * LOW HITPOINT WARNING * * *
The adder barely misses you.
You are too injured to fight recklessly!
Fire: 22 bolts
Press: ? - help, Q - select action, (/) - cycle Shift-Dir - straight line, f/p - adder
Aim: an adder (almost dead, 44% to hit)
You shoot a bolt. The bolt closely misses the adder.
The adder closely misses you. The adder bites you.
You die...

##.## ##.# ##.##
##.## #.# #.## #.#
.## #.# ####### .#
#.# ##...(... .#
#.# #........ .#
#.######@S#
.########.##...#..#
..................#
#########.).......#
###.....### ##...##
#####


You could see an adder.

Vanquished Creatures
  3 endoplasms
  2 giant cockroaches
  A hobgoblin (D:1)
  A ball python (D:1)
  A bat (D:1)
  A goblin (D:1)
  3 kobolds
12 creatures vanquished.

Notes
Turn   | Place    | Note
-------+----------+-------------------------------------------
     0 | D:1      | horus123 the Octopode Arcane Marksman began the quest for
                  | the Orb.
     0 | D:1      | Reached XP level 1. HP: 13/13 MP: 2/2
   453 | D:1      | Reached XP level 2. HP: 18/18 MP: 3/3
   557 | D:1      | Learned a level 2 spell: Slow
   842 | D:2      | Slain by an adder

Illustrated notes

Levels and vault maps discovered:
D:1:      ncdulo_halloftheorcs, layout_basic, hex_medium
D:2:      layout_loops_ring, uniq_jessica

Action                   || total
-------------------------++-------
 Fire: Hand crossbow     ||    35
 Cast: Corona            ||     3
       Slow              ||     1
Armor: Skin              ||     1
Dodge: Dodged            ||    12
